 Dungeon Sprint DCSS version 0.14-a0-50-gc6ee670 (console) character file.

4767 Dalvant the Scorcher (level 10, 0/58 HPs)
             Began as a Deep Elf Fire Elementalist on Sept 29, 2013.
             Was a Plaything of Xom.
             Succumbed to a trapdoor spider's poison
             ... in the Dungeon (Sprint I: "Red Sonja").
             The game lasted 00:06:09 (1190 turns).

Dalvant the Scorcher (Deep Elf Fire Elementalist)   Turns: 1190, Time: 00:06:09

HP   0/58        AC  7     Str  5      XL: 10   Next:  2%
MP  33/39        EV 15     Int 24      God: Xom
Gold 798         SH  0     Dex 15      Spells:  3 memorised, 19 levels left

Res.Fire  : . . .   See Invis. : .   h - +6,+2 scythe (protect)
Res.Cold  : . . .   Warding    : .   a - +0 elf robe
Life Prot.: . . .   Conserve   : .   (no shield)
Res.Poison: .       Res.Corr.  : .   m - -1 visored helmet
Res.Elec. : .       Clarity    : .   (no cloak)
Sust.Abil.: . .     Spirit.Shd : .   (no gloves)
Res.Mut.  : .       Prev.Telep.: +   (no boots)
Res.Rott. : .       Flight     : .   (no amulet)
Saprovore : . . .                    (no ring)
                                     o - ring of magical power

@: mildly poisoned, somewhat resistant to hostile enchantments, very stealthy
A: no striking features
a: Renounce Religion


You were in the Dungeon.
You worshipped Xom.
You were a beloved toy of Xom.
You were not hungry.

You visited 1 branch You collected 822 gold pieces.
You spent 44 gold pieces at shops.

Inventory:

Hand weapons
 h - a +6,+2 scythe of protection (weapon)
Armour
 a - a +0 elven robe (worn)
 m - a -1 visored helmet (worn)
Magical devices
 k - a wand of heal wounds (6) {unknown}
Comestibles
 c - a bread ration
Scrolls
 i - a scroll of blinking
 j - a scroll of fog {unknown}
 l - a scroll of identify {unknown}
 n - 2 scrolls of remove curse {unknown}
Jewellery
 o - a ring of magical power (left hand)
Potions
 d - 2 potions of curing
 e - 2 potions of heal wounds
 f - a potion of speed
 g - 2 potions of magic
Books
 b - a book of Flames

   Spells                             Type                      Level
   *Flame Tongue                      Conjuration/Fire             1
   Throw Flame                        Conjuration/Fire             2
   Conjure Flame                      Conjuration/Fire             3
   Inner Flame                        Hexes/Fire                   3
   *Sticky Flame                      Conjuration/Fire             4
   *Fireball                          Conjuration/Fire             5


   Skills:
 * Level 8.2 Fighting
 - Level 5.0 Dodging
 + Level 8.6 Stealth
 - Level 0.2 Unarmed Combat
 + Level 10.4 Spellcasting
 * Level 11.9 Conjurations
 + Level 15.8 Fire Magic


You had 19 spell levels left.
You knew the following spells:

 Your Spells              Type           Power        Failure   Level  Hunger
a - Flame Tongue          Conj/Fire      #####        1%          1    None
c - Sticky Flame          Conj/Fire      ######..     1%          4    None
v - Fireball              Conj/Fire      ######....   1%          5    ###....


Dungeon Overview and Level Annotations

Branches:
Dungeon (1/1)

Altars:
Ashenzari
Cheibriados
Elyvilon
Trog
Xom
Zin
the Shining One

Shops:
D (*[


Message History

You feel sick.
You start resting.
* * * LOW HITPOINT WARNING * * *
You feel sick.
You start resting.
* * * LOW HITPOINT WARNING * * *
You feel sick.
You start resting.
* * * LOW HITPOINT WARNING * * *
You feel sick.
You start resting.
* * * LOW HITPOINT WARNING * * *
You feel sick.
You start resting.
* * * LOW HITPOINT WARNING * * *
You feel sick.
You feel a little better.
You start resting.
You die...
Xom bursts into laughter!

##########################
#<<#..)..#.['..#__#..'.).#
#<.').#..'..#..'..'..#.).#
#..#####'#####%#__####...+
#..####..#...#[####§§#####
#..#_.####..##.#≈≈§§§#..#
#..#.....##'#..+§§§§§§..#
#⌠⌠#_.∩...'..._#≈§§.§#..#
####.....##_.#'##(#####'###
#_._._###'#.#..()###.'.#
############)####'###(###§#
#∩........'...'%....'[∩##.#
###++++####...###########§#
G ##.## x #§# G #+#x +§# G
G * #§# G #@#


G G G J +§# G G n ### n There were no monsters in sight!

Vanquished Creatures
  2 centaur warriors (D)
  A giant amoeba (D)
  A deep troll (D)
  An oklob plant (D)
  Sonja (D)
  4 trapdoor spiders (D)
  An elephant slug (D)
  2 kobold demonologists (D)
  A yellow wasp (D)
  An ogre (D)
  Sigmund (D)
  A jelly (D)
  Ijyb (D)
  A giant eyeball (D)
19 creatures vanquished.

Vanquished Creatures (others)
  A metal gargoyle (D)
1 creature vanquished.

Grand Total: 20 creatures vanquished

Notes
Turn   | Place    | Note
--------------------------------------------------------------
     0 | D        | Dalvant, the Deep Elf Fire Elementalist, began the quest for the Orb.
     0 | D        | Reached XP level 1. HP: 10/10 MP: 4/4
     1 | D        | Noticed Ijyb
     9 | D        | Killed Ijyb
     9 | D        | Reached skill level 5 in Fire Magic
     9 | D        | Reached XP level 2. HP: 15/15 MP: 0/6
    53 | D        | Noticed an ogre
    57 | D        | Killed an ogre
    57 | D        | Reached skill level 5 in Dodging
    57 | D        | Reached skill level 8 in Fire Magic
    57 | D        | Reached XP level 3. HP: 19/19 MP: 2/9
    57 | D        | Reached XP level 4. HP: 24/24 MP: 2/12
    63 | D        | Learned a level 4 spell: Sticky Flame
   145 | D        | Noticed Sigmund
   151 | D        | Killed Sigmund
   151 | D        | Reached skill level 5 in Stealth
   151 | D        | Reached skill level 9 in Fire Magic
   151 | D        | Reached XP level 5. HP: 16/28 MP: 5/15
   293 | D        | Found a glowing golden altar of the Shining One.
   293 | D        | Found a shimmering altar of Xom.
   293 | D        | Found a glowing silver altar of Zin.
   293 | D        | Found a bloodstained altar of Trog.
   293 | D        | Noticed a giant amoeba
   295 | D        | Found a white marble altar of Elyvilon.
   296 | D        | Noticed a jelly
   297 | D        | Found a shattered altar of Ashenzari.
   302 | D        | Killed a jelly
   302 | D        | Reached skill level 10 in Fire Magic
   306 | D        | Found a snail-covered altar of Cheibriados.
   306 | D        | Found a shimmering altar of Xom.
   306 | D        | Found Rowodon's Assorted Antiques.
   306 | D        | Found a glowing golden altar of the Shining One.
   306 | D        | Found a bloodstained altar of Trog.
   306 | D        | Noticed an elephant slug
   325 | D        | Killed an elephant slug
   325 | D        | Reached skill level 11 in Fire Magic
   325 | D        | Reached XP level 6. HP: 32/34 MP: 1/19
   334 | D        | Found a glowing silver altar of Zin.
   346 | D        | Became a worshipper of Xom the Tricky
   349 | D        | Bought a gluggy pink potion for 14 gold pieces
   441 | D        | Learned a level 5 spell: Fireball
   469 | D        | Killed a metal gargoyle
   483 | D        | XOM: divination: detect creatures
   488 | D        | Killed a giant amoeba
   488 | D        | Reached skill level 5 in Fighting
   488 | D        | Reached skill level 13 in Fire Magic
   488 | D        | Reached XP level 7. HP: 36/40 MP: 15/23
   555 | D        | Noticed a kobold demonologist
   557 | D        | Noticed a kobold demonologist
   557 | D        | Killed a kobold demonologist
   557 | D        | Killed a kobold demonologist
   557 | D        | Reached XP level 8. HP: 45/45 MP: 14/25
   614 | D        | Noticed Sonja
   617 | D        | Killed Sonja
   668 | D        | Noticed a deep troll
   672 | D        | Killed a deep troll
   672 | D        | Reached skill level 14 in Fire Magic
   696 | D        | Found Anaris' Weapon Boutique.
   726 | D        | Found Niecw's Armour Emporium.
   730 | D        | Bought a +0 visored helmet for 30 gold pieces
   734 | D        | XOM: harmless Summ miscast
   752 | D        | Noticed a centaur warrior
   752 | D        | Noticed a centaur warrior
   753 | D        | Killed a centaur warrior
   753 | D        | Reached XP level 9. HP: 37/52 MP: 16/28
   755 | D        | Killed a centaur warrior
   755 | D        | Reached skill level 10 in Conjurations
   755 | D        | Reached skill level 15 in Fire Magic
   858 | D        | Noticed a yellow wasp
   860 | D        | Killed a yellow wasp
   874 | D        | Noticed an oklob plant
   876 | D        | XOM: silly message
   878 | D        | Killed an oklob plant
   912 | D        | XOM: scenery: 1 doors close
  1009 | D        | Noticed a trapdoor spider
  1012 | D        | Killed a trapdoor spider
  1012 | D        | Reached skill level 10 in Spellcasting
  1018 | D        | Noticed a trapdoor spider
  1020 | D        | Killed a trapdoor spider
  1096 | D        | XOM: god gift: blackened pearl ring {god gift}
  1137 | D        | Noticed a trapdoor spider
  1142 | D        | Killed a trapdoor spider
  1176 | D        | Noticed a trapdoor spider
  1180 | D        | Killed a trapdoor spider
  1180 | D        | Reached XP level 10. HP: 5/58 MP: 30/30
  1187 | D        | HP: 2/58 [poisoned by a trapdoor spider]
  1190 | D        | Succumbed to a trapdoor spider's poison

Action                   |  1- 3 |  4- 6 |  7- 9 | 10-12 || total
-------------------------+-------+-------+-------+-------++-------
Melee: Unarmed           |     2 |       |       |       ||     2
 Cast: Flame Tongue      |     7 |    21 |    15 |       ||    43
       Sticky Flame      |       |     3 |     5 |       ||     8
       Fireball          |       |       |    16 |       ||    16
  Use: Potion            |     1 |     1 |       |       ||     2
